 Dungeon Crawl Stone Soup version 0.31-a0-145-g046c7d2549 (webtiles) character file.

Game seed: 15829154647116761141

171 olmar the Grasshopper (level 5, -1/43 HPs)
             Began as a Gnoll Warper on June 4, 2023.
             Killed by nerve-wracking pain
             ... invoked by Grinder
              (14 damage)
             ... on level 3 of the Dungeon.
             The game lasted 00:05:52 (2690 turns).

olmar the Grasshopper (Gnoll Warper)                Turns: 2690, Time: 00:05:53

Health: -1/43      AC:  4    Str: 11    XL:     5   Next: 51%
Magic:  1/12       EV: 12    Int: 14    God:
Gold:   135        SH:  0    Dex: 11    Spells: 5/14 levels left

rFire   . . .        a - +0 mace (vamp)
rCold   . . .        (no shield)
rNeg    . . .        b - +1 leather armour
rPois   .            (no helmet)
rElec   .            (no cloak)
rCorr   .            (no gloves)
SInv    .            (no boots)
Will    .....        (no amulet)
Stlth   +            (no ring)
HPRegen 0.27/turn    (no ring)
MPRegen 0.13/turn

%: no passive effects
@: no status effects
A: fangs 1, strong nose, distributed training
a: no special abilities


You were on level 3 of the Dungeon.
You visited 1 branch of the dungeon, and saw 3 of its levels.

You collected 135 gold pieces.

Inventory:

Hand Weapons
 a - a +0 vampiric mace (weapon)
Armour
 b - a +1 leather armour (worn)
Wands
 h - a wand of polymorph (11)
Scrolls
 c - 2 scrolls of blinking
 d - a scroll of teleportation
 e - a scroll of enchant weapon {unknown}
 i - a scroll of magic mapping
Potions
 f - a potion of heal wounds {unknown}
 g - a potion of might
 j - a potion of berserk rage {unknown}


   Skills:
 + Level 4.8 Fighting
 + Level 1.6 Short Blades
 + Level 1.6 Long Blades
 + Level 1.6 Axes
 + Level 4.8 Maces & Flails
 + Level 1.6 Polearms
 + Level 1.6 Staves
 + Level 1.6 Ranged Weapons
 + Level 3.0 Throwing
 + Level 3.0 Armour
 + Level 4.8 Dodging
 + Level 1.6 Stealth
 + Level 1.6 Shields
 + Level 1.6 Unarmed Combat
 + Level 5.2 Spellcasting
 + Level 1.2 Conjurations
 + Level 1.2 Hexes
 + Level 1.2 Summonings
 + Level 1.2 Necromancy
 + Level 5.5 Translocations
 + Level 1.2 Transmutations
 + Level 1.2 Fire Magic
 + Level 1.2 Ice Magic
 + Level 1.2 Air Magic
 + Level 1.2 Earth Magic
 + Level 1.2 Poison Magic
 + Level 1.8 Invocations
 + Level 1.6 Evocations


You had 5 spell levels left.
You knew the following spells:

 Your Spells              Type           Power      Damage    Failure   Level
a - Blink                 Tloc           38%        N/A       3%          2
b - Vhi's Electric Charg  Tloc/Air       26%        N/A       16%         3
c - Manifold Assault      Tloc           19%        N/A       22%         4

Your spell library contained the following spells:

 Spells                   Type           Power      Damage    Failure   Level
 Lesser Beckoning         Tloc           38%        N/A       3%          2
 Teleport Other           Tloc           19%        N/A       7%          3
 Arcjolt                  Conj/Air       3%         1d13      98%         5
 Plasma Beam              Fire/Air       3%         2x1d13    100%        6


Dungeon Overview and Level Annotations

Branches:
Dungeon (3/15)

Altars:

Annotations:
D:2 Sigmund
D:3 Grinder


Innate Abilities, Weirdness & Mutations

You have very sharp teeth.
Your uncanny sense of smell can sniff out nearby items.
Your experience applies equally to all skills.


Message History

Unknown command.
You hit Grinder.
Grinder is moderately wounded.
Grinder blinks!
Unknown command.
Unknown command.
Casting: Vhi's Electric Charge (dangerous; 16% risk of failure)
Confirm with . or Enter, or press ? or * to list all spells.
Charge where?
Press: ? - help, Dir - move target, f/p - Grinder
Aim: Grinder (moderately wounded, 76% to hit)
You charge forward with an electric crackle!
You barely miss Grinder.
Grinder is moderately wounded.
Grinder gestures at you.
You suddenly lose the ability to move!
Your magical contamination has completely faded away.
Grinder hits you but does no damage. x2
Grinder gestures at you. Pain shoots through your body! Grinder hits you.
You can move again.
Unknown command.
You sock Grinder!
Grinder is heavily wounded.
Grinder blinks!
Unknown command.
Casting: Vhi's Electric Charge (dangerous; 16% risk of failure)
Confirm with . or Enter, or press ? or * to list all spells.
Charge where?
Press: ? - help, Dir - move target, f/p - Grinder
Aim: Grinder (heavily wounded, 76% to hit)
You charge forward with an electric crackle!
You barely miss Grinder.
Grinder is heavily wounded.
Grinder gestures at you. Pain shoots through your body!
Grinder gestures at you. Pain shoots through your body!
You die...

### ..####### ##### #.#.....#
#...# #.#.....# #...# ##
#.#.....###...# ..
#.#...........# ..
####.#.[.........# #.
.................####.#.# #.
#...............@5.......>####
#†
..##.#........§§.####.#.......
#. ####.#.......§...#
.......##. .....#...........#
......5... ###..#........####
#......##. # #..#.)...####
...#### #. #..#.....# ∆ . #.
...#.....##### .######5
'.........# ........


You could see Grinder.

Vanquished Creatures
  Terence (D:3)
  Natasha (D:2)
  3 adders
  3 worms (D:2)
  5 dart slugs
  7 endoplasms
  2 giant cockroaches
  4 goblins
  10 hobgoblins
  7 kobolds
  5 quokkas
  8 ball pythons
  6 bats
  7 frilled lizards
  5 rats
74 creatures vanquished.

Notes
Turn   | Place    | Note
-------+----------+-------------------------------------------
     0 | D:1      | olmar the Gnoll Warper began the quest for the Orb.
     0 | D:1      | Reached XP level 1. HP: 20/20 MP: 6/6
   116 | D:1      | Reached XP level 2. HP: 24/26 MP: 7/7
   446 | D:1      | Reached skill level 5 in Spellcasting
   446 | D:1      | Reached XP level 3. HP: 24/31 MP: 7/9
   586 | D:1      | Reached skill level 1 in Invocations
   694 | D:1      | Learned a level 2 spell: Blink
   698 | D:1      | Learned a level 3 spell: Vhi's Electric Charge
   978 | D:2      | Noticed Sigmund
  1141 | D:1      | Reached skill level 1 in Short Blades
  1141 | D:1      | Reached skill level 1 in Long Blades
  1141 | D:1      | Reached skill level 1 in Axes
  1141 | D:1      | Reached skill level 1 in Polearms
  1141 | D:1      | Reached skill level 1 in Staves
  1141 | D:1      | Reached skill level 1 in Ranged Weapons
  1141 | D:1      | Reached skill level 1 in Stealth
  1141 | D:1      | Reached skill level 1 in Shields
  1141 | D:1      | Reached skill level 1 in Unarmed Combat
  1141 | D:1      | Reached skill level 1 in Evocations
  1486 | D:2      | Reached XP level 4. HP: 32/38 MP: 11/11
  1600 | D:3      | Noticed Terence
  1625 | D:3      | Killed Terence
  1626 | D:3      | Reached skill level 1 in Conjurations
  1626 | D:3      | Reached skill level 1 in Hexes
  1626 | D:3      | Reached skill level 1 in Summonings
  1626 | D:3      | Reached skill level 1 in Necromancy
  1626 | D:3      | Reached skill level 1 in Transmutations
  1626 | D:3      | Reached skill level 1 in Fire Magic
  1626 | D:3      | Reached skill level 1 in Ice Magic
  1626 | D:3      | Reached skill level 1 in Air Magic
  1626 | D:3      | Reached skill level 1 in Earth Magic
  1626 | D:3      | Reached skill level 1 in Poison Magic
  1635 | D:3      | Noticed Grinder
  1636 | D:3      | Paralysed by Grinder for 2 turns
  1964 | D:3      | Paralysed by Grinder for 3 turns
  1974 | D:3      | Paralysed by Grinder for 5 turns
  2090 | D:2      | Learned a level 4 spell: Manifold Assault
  2124 | D:2      | Reached XP level 5. HP: 38/43 MP: 12/12
  2230 | D:2      | Noticed Natasha
  2234 | D:2      | Killed Natasha
  2447 | D:2      | Found a faded altar of an unknown god.
  2684 | D:3      | Paralysed by Grinder for 5 turns
  2690 | D:3      | Killed from afar by Grinder

Illustrated notes

Levels and vault maps discovered:
D:1:      saegor_arrival_simple_e, layout_basic
D:2:      cheibrodos_old_hovel, layout_basic, hellmonk_ecumenical_altar_run_dry,
          minmay_misc_feat_x, grunt_ministairs_3, minmay_quantized,
          uniq_sigmund, uniq_natasha
D:3:      layout_basic, serial_shops, nicolae_shop_back_alley_shop,
          uniq_crazy_yiuf_cottage, uniq_grinder, uniq_terence

Skill      XL: |  1  2  3  4  5 |
---------------+----------------+-----
Spellcasting   | 5 |  5.2
Invocations    | 1 |  1.8
Short Blades   | 1 |  1.6
Long Blades    | 1 |  1.6
Axes           | 1 |  1.6
Polearms       | 1 |  1.6
Staves         | 1 |  1.6
Ranged Weapons | 1 |  1.6
Stealth        | 1 |  1.6
Shields        | 1 |  1.6
Unarmed Combat | 1 |  1.6
Evocations     | 1 |  1.6
Conjurations   | 1 |  1.2
Hexes          | 1 |  1.2
Summonings     | 1 |  1.2
Necromancy     | 1 |  1.2
Transmutations | 1 |  1.2
Fire Magic     | 1 |  1.2
Ice Magic      | 1 |  1.2
Air Magic      | 1 |  1.2
Earth Magic    | 1 |  1.2
Poison Magic   | 1 |  1.2
Throwing       | 3 |  3.0
Armour         | 3 |  3.0
Fighting       | |  4.8
Maces & Flails | |  4.8
Dodging        | |  4.8
Translocations | |  5.5

Action                     |  1- 3 |  4- 6 || total
---------------------------+-------+-------++-------
  Melee: Mace              |   150 |   115 ||   265
         Bite              |    13 |    10 ||    23
         Punch             |     4 |     6 ||    10
  Throw: Boomerang         |     6 |     1 ||     7
   Cast: Vhi's Electric Ch |     2 |     7 ||     9
         Blink             |     1 |     3 ||     4
    Use: Scroll            |     3 |     4 ||     7
         Potion            |     2 |     1 ||     3
   Stab: Sleeping          |     1 |     3 ||     4
 Armour: Leather armour    |    47 |    27 ||    74
  Dodge: Dodged            |   132 |    69 ||   201

Table legend: (Time is in decaauts)
 A = Elapsed time spent in this place.
 B = Non-inter-level travel time spent in this place.
 C = Inter-level travel time spent in this place.
 D = Time resting spent in this place.
 E = Time spent auto-exploring this place.
 F = Levels seen in this place.
 G = Mean time per level.
                   A        B        C        D        E       F      G
               +--------+--------+--------+--------+--------+-----+--------+
         Total |   2746 |   2674 |     72 |    471 |   1420 |   3 |  915.3 |
       Dungeon |   2746 |   2674 |     72 |    471 |   1420 |   3 |  915.3 |
               +--------+--------+--------+--------+--------+-----+--------+

Top non-repeatable levels by time:
     D:2: 1217 daAuts
     D:1: 1122 daAuts
     D:3: 406 daAuts
